 Dungeon Crawl Stone Soup version 0.30-a0-1161-g0704695555 (webtiles) character file.

Game seed: 12063152026422601769

54 ragingrage the Gusty (level 3, 0/19 HPs)
             Began as a Deep Elf Air Elementalist on Apr 27, 2023.
             Slain by a black bear (1 damage)
             ... on level 3 of the Dungeon.
             The game lasted 00:02:33 (2721 turns).

ragingrage the Gusty (Deep Elf Air Elementalist)    Turns: 2721, Time: 00:02:34

Health: 0/19       AC:  2    Str:  5    XL:     3   Next: 66%
Magic:  0/9        EV: 11    Int: 21    God:
Gold:   144        SH:  4    Dex: 15    Spells: 2/8 levels left

rFire   . . .        l - +0 dagger
rCold   . . .        k - +0 buckler
rNeg    . . .        a - +0 robe
rPois   .            (no helmet)
rElec   .            (no cloak)
rCorr   .            (no gloves)
SInv    .            (no boots)
Will    .....        (no amulet)
Stlth   ++           (no ring)
HPRegen 0.23/turn    (no ring)
MPRegen 0.11/turn

%: no passive effects
@: no status effects
A: no striking features
a: no special abilities


You were on level 3 of the Dungeon.
You visited 1 branch of the dungeon, and saw 3 of its levels.

You collected 144 gold pieces.

Inventory:

Hand Weapons
 l - a +0 dagger (weapon)
 q - the +4 quarterstaff of the Volcano {flame, +Blink rElec Stlth+}
   (You found it on level 3 of the Dungeon)

   rElec:     It insulates you from electricity.
   +Blink:    It lets you blink.
   Stlth:     It makes you more stealthy.
Armour
 a - a +0 robe (worn)
 k - a +0 buckler (worn)
Scrolls
 c - 3 scrolls of teleportation
 f - 2 scrolls of identify
 g - a scroll of fog {unknown}
 h - 2 scrolls of poison {unknown}
 j - 2 scrolls of noise {unknown}
 n - a scroll of vulnerability {unknown}
Potions
 b - a potion of magic
 d - 2 potions of degeneration {unknown}
 e - a potion of heal wounds {unknown}
 i - 2 potions of brilliance {unknown}
 m - a potion of curing {unknown}
 o - a potion of flight {unknown}
 p - a potion of haste {unknown}


   Skills:
 - Level 2.4 Dodging
 - Level 3.0 Stealth
 + Level 0.9 Shields
 - Level 3.0 Spellcasting
 + Level 2.4 Conjurations
 + Level 3.6 Air Magic


You had 2 spell levels left.
You knew the following spells:

 Your Spells              Type           Power      Damage    Failure   Level
a - Shock                 Conj/Air       60%        1d6       7%          1
b - Static Discharge      Conj/Air       30%        2-4/arc   11%         2
c - Swiftness             Air            18%        N/A       16%         3

Your spell library contained the following spells:

 Spells                   Type           Power      Damage    Failure   Level
 Sublimation of Blood     Necr           3%         N/A       36%         2
 Wereblood                Tmut           3%         N/A       36%         2
 Airstrike                Air            9%         2d(2-18)  47%         4
 Inner Flame              Hex/Fire       3%         N/A       58%         3
 Flame Wave               Conj/Fire      8%         2d5       83%         4
 Sticky Flame             Conj/Fire      8%         2d3       83%         4
 Summon Hydra             Summ           1%         N/A       100%        7


Dungeon Overview and Level Annotations

Branches:
Dungeon (3/15)

Altars:

Shops:
D:2 [


Message History

The zap hits the dart slug.
You kill the dart slug!
You can't see any susceptible monsters within range! (Use Z to cast anyway.)
You now have 144 gold pieces (gained 7).
The black bear growls angrily.
The zap hits the black bear but does no damage.
A black bear is nearby!
The zap hits the black bear.
A black bear is nearby!
The zap hits the black bear.
A black bear is nearby!
Casting: Shock (safe; 7% risk of failure)
The black bear is struck by an arc of lightning.
You are struck by an arc of lightning.
The lightning grounds out.
The black bear closely misses you. The black bear claws you. x2
Casting: Static Discharge (safe; 11% risk of failure)
The black bear is struck by an arc of lightning.
You are struck by an arc of lightning.
The black bear is struck by an arc of lightning.
The lightning grounds out.
The black bear completely misses you. The black bear closely misses you.
The black bear claws you.
Casting: Static Discharge (safe; 11% risk of failure)
The black bear is struck by an arc of lightning.
You are struck by an arc of lightning.
The black bear is struck by an arc of lightning.
The lightning grounds out.
The black bear goes berserk!
Casting: Static Discharge (safe; 11% risk of failure)
You don't have enough magic to cast this spell.
Casting: Static Discharge (safe; 11% risk of failure)
You don't have enough magic to cast this spell.
Unknown command.
You aren't carrying any items that you can evoke.
As you read the scroll labelled WOSEICAPELL, it crumbles to dust.
It is a scroll of identify.
c - 3 scrolls of teleportation The black bear bites you.
* * * LOW HITPOINT WARNING * * *
The black bear claws you.
You die...

#.#...........#.#.
###.#.##..........#.
#......###......#.#.
#.#.#..# #.....(....
#.#.#..###........##
#..........###.####
#....#.#######'##
#....#h# ##...##
#.#@##.# ##.....##
#.#.h#.# ##.......##
#.:....###.........#
..........+.........'
###....####.........#
#.#..## ##.......##
##.### ##.....## #.
##..(## # ##'##


You could see a black bear (berserk).

Vanquished Creatures
  A worm (D:2)
  2 dart slugs
  A ball python (D:1)
  3 endoplasms
  A giant cockroach (D:3)
  3 goblins
  5 hobgoblins
  8 jackals
  3 quokkas (D:1)
  2 bats
  2 frilled lizards
  4 kobolds
  8 rats
43 creatures vanquished.

Notes
Turn   | Place    | Note
-------+----------+-------------------------------------------
     0 | D:1      | ragingrage the Deep Elf Air Elementalist began the quest
                  | for the Orb.
     0 | D:1      | Reached XP level 1. HP: 10/10 MP: 6/6
   391 | D:1      | Reached XP level 2. HP: 15/15 MP: 2/8
  1391 | D:2      | Reached XP level 3. HP: 19/19 MP: 6/9
  1944 | D:2      | Learned a level 2 spell: Static Discharge
  1948 | D:2      | Learned a level 3 spell: Swiftness
  2088 | D:2      | Found Vyagof's Antique Armour Shop.
  2527 | D:3      | Identified the +4 quarterstaff of the Volcano {flame,
                  | +Blink rElec Stlth+}
  2644 | D:3      | Noticed a black bear
  2721 | D:3      | Slain by a black bear

Illustrated notes

Levels and vault maps discovered:
D:1:      lemuel_arrival_lava_pool, layout_basic, minmay_heptomino_o4
D:2:      layout_rooms, serial_shops, nicolae_shop_advertising_works
          [nicolae_subvault_shop_adworks], nicolae_hexahallways, feat_on_display
D:3:      layout_loops_corners, kennysheep_cross_room

Skill      XL: |  1  2 |
---------------+-------+-----
Stealth        | 3 |  3.0
Conjurations   | 2 |  2.4
Dodging        | |  2.4
Shields        | |  0.9
Spellcasting   | |  3.0
Air Magic      | |  3.6

Action                     || total
---------------------------++-------
  Melee: Dagger            ||     1
   Cast: Shock             ||    93
         Static Discharge  ||     3
    Use: Scroll            ||     1
 Armour: Robe              ||     3
  Dodge: Dodged            ||     9
  Block: Buckler           ||     3

Table legend: (Time is in decaauts)
 A = Elapsed time spent in this place.
 B = Non-inter-level travel time spent in this place.
 C = Inter-level travel time spent in this place.
 D = Time resting spent in this place.
 E = Time spent auto-exploring this place.
 F = Levels seen in this place.
 G = Mean time per level.
                   A        B        C        D        E       F      G
               +--------+--------+--------+--------+--------+-----+--------+
         Total |   2721 |   2523 |    198 |    160 |   2127 |   3 |  907.0 |
       Dungeon |   2721 |   2523 |    198 |    160 |   2127 |   3 |  907.0 |
               +--------+--------+--------+--------+--------+-----+--------+

Top non-repeatable levels by time:
     D:1: 1434 daAuts
     D:2: 908 daAuts
     D:3: 378 daAuts
